 Dungeon Crawl Stone Soup version 0.19.1-1-g22dce08 (webtiles) character file.

100 Oakoak the Cudgeler (level 4, -4/49 HPs)
             Began as an Ogre Berserker on Jan 9, 2017.
             Was a Believer of Trog.
             Slain by Robin
             ... wielding a +4 vampiric whip
              (6 damage)
             ... on level 2 of the Dungeon.
             The game lasted 00:10:08 (1645 turns).

Oakoak the Cudgeler (Ogre Berserker)                Turns: 1645, Time: 00:10:09

Health: -4/49      AC:  3    Str: 23    XL:     4   Next: 73%
Magic:  4/4        EV: 11    Int:  6    God:    Trog [**....]
Gold:   27         SH:  0    Dex:  9    Spells: 0 memorised, 3 levels left

rFire  . . .     SeeInvis .     a - +0 mace
rCold  . . .     Gourm    .     b - +0 animal skin
rNeg   . . .     Faith    .     (no shield)
rPois  .         Spirit   .     (helmet restricted)
rElec  .         Reflect  .     (no cloak)
rCorr  .         Harm     .     (gloves unavailable)
MR     .....                    (boots unavailable)
Stlth  +.........               (no amulet)
                                (no ring)
                                (no ring)

@: no status effects
A: unfitting armour, tough skin 1
a: Berserk, Trog's Hand, Burn Spellbooks, Renounce Religion


You were on level 2 of the Dungeon.
You worshipped Trog.
Trog was pleased with you.
You were not hungry.

You visited 1 branch of the dungeon, and saw 2 of its levels.

You collected 27 gold pieces.

Inventory:

Hand Weapons
 a - a +0 mace (weapon)
 e - a +0 club
Armour
 b - a +0 animal skin (worn)
 i - a +0 ring mail
Jewellery
 l - a +2 ring of intelligence {unknown}
Scrolls
 f - a scroll of recharging {unknown}
 g - a scroll of blinking {unknown}
 h - a scroll of identify {unknown}
 k - 2 scrolls of remove curse {unknown}
 n - a scroll of fear {unknown}
Potions
 j - a potion of heal wounds {unknown}
 m - a potion of cancellation {unknown}
Books
 p - Vehumet's Papyrus of Confrontation
   (You found it on level 2 of the Dungeon)

   Spells                             Type                      Level
   a - Magic Dart                     Conjuration                  1
   Trog disapproves of the use of such an item.
Comestibles
 c - 4 bread rations
 o - 4 chunks of flesh


   Skills:
 + Level 4.9 Fighting
 + Level 5.4 Maces & Flails
 + Level 3.4 Dodging
 + Level 0.4 Stealth


You had 3 spell levels left.
You didn't know any spells.

Dungeon Overview and Level Annotations

Branches:
Dungeon (2/15)

Altars:
Kikubaaqudgha
Sif Muna
Vehumet

Annotations:
D:2 Robin


Innate Abilities, Weirdness & Mutations

You are too large for most types of armour.
You have tough skin. (AC +1)


Message History

Items here: $ ( )) † a club; 32 stones; a club; 14 gold pieces; a goblin corpse Robin hits you with a vampiric whip.
* * * LOW HITPOINT WARNING * * *
You completely miss Robin. Robin hits you with a vampiric whip.
* * * LOW HITPOINT WARNING * * *
Robin barely misses you.
Unknown command.
You can't go up here!
Robin says, "Kneel, worm!"
Robin barely misses you.
You drop a black potion.
Robin hits you with a vampiric whip.
* * * LOW HITPOINT WARNING * * *
The hobgoblin no longer looks unusually strong.
Robin hits you with a vampiric whip.
* * * LOW HITPOINT WARNING * * *
Robin roars a battlecry!
The hobgoblin goes into a battle-frenzy!
Robin hits you with a vampiric whip.
You die...

#.......# #.#...#.##
###. ##.....#..###...
.....#..#.....##
##.#.#............
..#.#.........#
.........s...#######.#..
.........g..gsS)$$g.....
##......@(..?#######g#..
##.###.###.## #
#.###..#### ####.
#####...##.#####
.....##.....#..#.#...##
.............#........##
..............##.......#
..............##.......#
..............##.......#


You could see Robin, 2 giant cockroaches, a hobgoblin and a ball python.

Vanquished Creatures
  Natasha (twice) (D:2)
  An ooze (D:2)
  A dart slug (D:1)
  A leopard gecko (D:2)
  A giant cockroach (D:1)
  8 goblins
  7 hobgoblins
  5 jackals
  8 bats
  2 frilled lizards (D:1)
  3 kobolds (D:1)
  5 rats
44 creatures vanquished.

Notes
Turn   | Place    | Note
-------+----------+-------------------------------------------
     0 | D:1      | Oakoak the Ogre Berserker began the quest for the Orb.
     0 | D:1      | Reached XP level 1. HP: 24/24 MP: 1/1
     4 | D:2      | Noticed Robin
    71 | D:1      | Reached XP level 2. HP: 16/32 MP: 2/2
   694 | D:1      | Reached XP level 3. HP: 38/40 MP: 3/3
  1312 | D:2      | Noticed Natasha
  1320 | D:2      | Killed Natasha
  1320 | D:2      | Reached XP level 4. HP: 35/49 MP: 4/4
  1382 | D:2      | Noticed Natasha
  1392 | D:2      | Killed Natasha
  1392 | D:2      | Reached skill level 5 in Maces & Flails
  1535 | D:2      | Found an ancient bone altar of Kikubaaqudgha.
  1548 | D:2      | Found a deep blue altar of Sif Muna.
  1554 | D:2      | Found a radiant altar of Vehumet.
  1561 | D:2      | Reached ** piety under Trog
  1564 | D:2      | Identified Vehumet's Papyrus of Confrontation
  1641 | D:2      | HP: 1/49 [Robin/vampiric whip (5)]
  1645 | D:2      | Slain by Robin

Skill      XL: |  1  2  3  4 |
---------------+-------------+-----
Dodging        | 3 |  3.4
Maces & Flails | 5 |  5.4
Fighting       | |  4.9
Stealth        | |  0.4

Action                   |  1- 3 |  4- 6 || total
-------------------------+-------+-------++-------
Melee: Mace              |    92 |    47 ||   139
  Eat: Bread ration      |     1 |       ||     1
Armor: Animal skin       |    45 |    32 ||    77
Dodge: Dodged            |    51 |    38 ||    89
